 Dungeon Crawl Stone Soup version 0.31-a0-1237-gabc64e778c (webtiles) character file.

Game seed: 13518436763020251962

1 Darkkill the Shooter (level 1, 0/18 HPs)
             Began as a Minotaur Hunter on Dec 15, 2023.
             Slain by a gnoll
             ... wielding a +0 flail
              (11 damage)
             ... on level 1 of the Dungeon.
             The game lasted 00:00:03 (121 turns).

Darkkill the Shooter (Minotaur Hunter)               Turns: 121, Time: 00:00:04

Health: 0/18       AC:  3    Str: 15    XL:     1   Next: 16%
Magic:  0/0        EV: 12    Int:  6    God:
Gold:   24         SH:  0    Dex: 13    Spells: 0/0 levels left

rFire   . . .        a - +0 shortbow
rCold   . . .        (shield currently unavailable)
rNeg    . . .        c - +0 leather armour
rPois   .            (helmet restricted)
rElec   .            (no cloak)
rCorr   .            (no gloves)
SInv    .            (no boots)
Will    .....        (no amulet)
Stlth   +            (no ring)
HPRegen 0.23/turn    (no ring)
MPRegen 0.07/turn

%: no passive effects
@: very slow
A: horns 2, retaliatory headbutt
a: no special abilities


You were on level 1 of the Dungeon.
You visited 1 branch of the dungeon, and saw 1 of its levels.

You collected 24 gold pieces.

Inventory:

Hand Weapons
 a - a +0 shortbow (weapon)
Armour
 c - a +0 leather armour (worn)
Scrolls
 b - a scroll of butterflies
 d - a scroll of silence {unknown}


   Skills:
 + Level 2.4 Fighting
 + Level 4.4 Ranged Weapons
 + Level 2.2 Dodging
 + Level 0.8 Stealth


You couldn't memorise any spells.
You didn't know any spells.
Your spell library contained the following spells:

 Spells                   Type           Power      Damage    Failure   Level
 Ignite Poison            Fire/Tmut/Pois 0%         N/A       88%         3
 Sticky Flame             Conj/Fire      0%         2d3       99%         4
 Ignition                 Fire           0%         3d3       100%        8


Dungeon Overview and Level Annotations

Branches:
Dungeon (1/15)

Altars:


Innate Abilities, Weirdness & Mutations

You have a pair of horns on your head.
You reflexively headbutt those who attack you in melee.


Message History

Ran out of altars for temple! x3
Welcome, Darkkill the Minotaur Hunter.
Everyone else who sought the Orb of Zot has failed.
Will you be different?
Press ? for a list of commands and other information.
Found three items.
Found a staircase leading out of the dungeon.
You pick up an Everburning Encyclopedia and begin reading...
You add the spells Ignite Poison, Sticky Flame and Ignition to your library.
No target in view!
You enter the shallow water.
Moving in this stuff is going to be slow.
You now have 13 gold pieces.
You now have 24 gold pieces (gained 11).
d - a scroll labelled MUHUSUI ILAZE No target in view!
No target in view!
Found a leather armour.
No target in view!
A hobgoblin comes into view.
You shoot an arrow. The arrow hits the hobgoblin.
The hobgoblin is lightly wounded.
A hobgoblin is nearby!
You shoot an arrow. The arrow barely misses the hobgoblin.
A hobgoblin is nearby!
A hobgoblin is nearby!
You shoot an arrow. The arrow hits the hobgoblin.
The hobgoblin is severely wounded.
A hobgoblin is nearby!
You shoot an arrow. The arrow barely misses the hobgoblin.
A hobgoblin is nearby!
You shoot an arrow. The arrow hits the hobgoblin.
You kill the hobgoblin!
You see here a hobgoblin corpse.
You enter the shallow water.
Moving in this stuff is going to be slow.
A gnoll comes into view. It is wielding a +0 flail.
The gnoll shouts!
You shoot an arrow. The arrow hits the gnoll.
The gnoll is lightly wounded.
A gnoll is nearby!
You shoot an arrow. The arrow hits the gnoll.
The gnoll is moderately wounded.
A gnoll is nearby!
You shoot an arrow. The arrow hits the gnoll.
The gnoll is heavily wounded.
A gnoll is nearby!
You shoot an arrow. The arrow barely misses the gnoll.
The arrow hits the plant!
The plant begins to die.
The plant is lightly damaged.
The gnoll hits you with a +0 flail!
A gnoll is nearby!
You are too injured to fight recklessly!
A gnoll is nearby!
You are too injured to fight recklessly!
A gnoll is nearby!
You are too injured to fight recklessly!
A gnoll is nearby!
You are too injured to fight recklessly!
A gnoll is nearby!
Fire: a) +0 shortbow
Press: ? - help, Q - select action Shift-Dir - straight line, f/p - gnoll
Aim: a gnoll, wielding a +0 flail (heavily wounded, 64% to hit)
You shoot an arrow. The arrow hits the gnoll.
The gnoll is almost dead.
The gnoll splashes around in the water.
Fire: a) +0 shortbow
Press: ? - help, Q - select action Shift-Dir - straight line, f/p - gnoll
Aim: a gnoll, wielding a +0 flail (almost dead, 64% to hit)
You shoot an arrow. The arrow barely misses the gnoll.
The arrow hits the plant but does no damage.
The plant is lightly damaged.
The gnoll barely misses you. The gnoll completely misses you.
You furiously retaliate!
You headbutt the gnoll, but do no damage.
Fire: a) +0 shortbow
Press: ? - help, Q - select action Shift-Dir - straight line, f/p - gnoll
Aim: a gnoll, wielding a +0 flail (almost dead, 64% to hit)
You shoot an arrow. The arrow barely misses the gnoll.
The arrow hits the plant.
The plant is lightly damaged.
A nearby plant withers and dies.
The gnoll hits you with a +0 flail!
Ouch! That really hurt!
You die...

~ ~~~ ~♣~ ♣~♣P~P PP
♣~PP~~ ~♣♣
♣♣~♣~~♣♣~~♣
~~P~~~~~~# ♣~P♣~~~.
♣~~~g♣.####
♣~♣@~......
#..♣#......#########
###..#
.....+........
#####...##
....####..##.
#.....### ### #..#..
#.###.# #..### #.#
#.# ####..#.. #.#
#.# #.....#.# #.#
#.# #### #.....#..


You could see a gnoll.

Vanquished Creatures
  A hobgoblin (D:1)
1 creature vanquished.

Notes
Turn   | Place    | Note
-------+----------+-------------------------------------------
     0 | D:1      | Darkkill the Minotaur Hunter began the quest for the Orb.
     0 | D:1      | Reached XP level 1. HP: 18/18 MP: 0/0
   121 | D:1      | Slain by a gnoll

Illustrated notes

Levels and vault maps discovered:
D:1:      eino_arrival_water_star, layout_basic, minmay_liquid_box,
          minmay_misc_feat_doors, serial_bayou_lake_a

Action                     || total
---------------------------++-------
   Fire: Shortbow          ||    12
 Armour: Leather armour    ||     2
  Dodge: Dodged            ||     2

Table legend: (Time is in decaauts)
 A = Elapsed time spent in this place.
 B = Non-inter-level travel time spent in this place.
 C = Inter-level travel time spent in this place.
 D = Time resting spent in this place.
 E = Time spent auto-exploring this place.
 F = Levels seen in this place.
 G = Mean time per level.
                   A        B        C        D        E       F      G
               +--------+--------+--------+--------+--------+-----+--------+
         Total |    123 |    123 |      0 |      0 |    105 |   1 |  123.0 |
       Dungeon |    123 |    123 |      0 |      0 |    105 |   1 |  123.0 |
               +--------+--------+--------+--------+--------+-----+--------+

Top non-repeatable levels by time:
     D:1: 123 daAuts

Levels and vault maps discovered:
D:1:      eino_arrival_water_star, layout_basic, minmay_liquid_box,
          minmay_misc_feat_doors, serial_bayou_lake_a

Table legend: (Time is in decaauts)
 A = Elapsed time spent in this place.
 B = Non-inter-level travel time spent in this place.
 C = Inter-level travel time spent in this place.
 D = Time resting spent in this place.
 E = Time spent auto-exploring this place.
 F = Levels seen in this place.
 G = Mean time per level.
                   A        B        C        D        E       F      G
               +--------+--------+--------+--------+--------+-----+--------+
         Total |    123 |    123 |      0 |      0 |    105 |   1 |  123.0 |
       Dungeon |    123 |    123 |      0 |      0 |    105 |   1 |  123.0 |
               +--------+--------+--------+--------+--------+-----+--------+

Top non-repeatable levels by time:
     D:1: 123 daAuts

Table legend:
 A = Kills in this place as a percentage of kills in the entire game.
 B = Kills by you in this place as a percentage of kills by you in the entire game.
 C = Kills by friends in this place as a percentage of kills by friends in the entire game.
 D = Other kills in this place as a percentage of other kills in the entire game.
 E = Experience gained in this place as a percentage of experience gained in the entire game.
 F = Experience gained in this place divided by the number of levels of this place that you have seen.
                   A       B       C       D       E      F
               +-------+-------+-------+-------+-------+----------------------
         Total | 100.0 | 100.0 |   N/A |   N/A | 100.0 |   2.0
       Dungeon | 100.0 | 100.0 |   N/A |   N/A | 100.0 |   2.0
               +-------+-------+-------+-------+-------+----------------------
